 Dungeon Crawl Stone Soup version 0.22-a0-609-gfedc9ff (webtiles) character file.

71 Hebeh the Magician (level 4, 0/24 HPs)
             Began as a Deep Elf Fire Elementalist on July 10, 2018.
             Killed from afar by a dart slug (7 damage)
             ... with a slug dart
             ... on level 2 of the Dungeon.
             The game lasted 00:07:21 (1555 turns).

Hebeh the Magician (Deep Elf Fire Elementalist)     Turns: 1555, Time: 00:07:21

Health: 0/24       AC:  2    Str:  6    XL:     4   Next: 5%
Magic:  1/12       EV: 13    Int: 20    God:
Gold:   62         SH:  0    Dex: 15    Spells: 5/11 levels left

rFire    . . .     SeeInvis .   i - -2 spear (curse)
rCold    . . .     Gourm    .   (no shield)
rNeg     . . .     Faith    .   a - +0 robe
rPois    .         Spirit   .   (no helmet)
rElec    .         Reflect  .   (no cloak)
rCorr    .         Harm     .   (no gloves)
MR       .....                  (no boots)
Stlth    ++........             (no amulet)
HPRegen  0.08/turn              (no ring)
MPRegen  0.13/turn              (no ring)

@: lethally poisoned (0 -> -4)
A: no striking features
a: no special abilities


You were on level 2 of the Dungeon.
You were not hungry.

You visited 1 branch of the dungeon, and saw 2 of its levels.

You collected 62 gold pieces.

Inventory:

Hand Weapons
 b - a +0 dagger
 i - a cursed -2 spear (weapon)
Missiles
 d - 7 stones (quivered)
Armour
 a - a +0 robe (worn)
Scrolls
 e - a scroll of teleportation
Potions
 g - a potion of magic
 h - a potion of brilliance {unknown}
Comestibles
 c - 7 chunks of flesh


   Skills:
 - Level 2.4 Dodging
 - Level 2.4 Stealth
 * Level 4.2 Spellcasting
 * Level 2.5 Conjurations
 * Level 4.1 Fire Magic


You had 5 spell levels left.
You knew the following spells:

 Your Spells              Type           Power        Failure   Level  Hunger
a - Flame Tongue          Conj/Fire      ###..        3%          1    None
b - Throw Flame           Conj/Fire      ###...       4%          2    #......
c - Conjure Flame         Conj/Fire      ###.....     10%         3    ###....

Your spell library contained the following spells:

 Spells                   Type           Power        Failure   Level  Hunger
 Fireball                 Conj/Fire      ###.......   65%         5    ######.
 Sticky Flame             Conj/Fire      ###.....     30%         4    ####...
 Inner Flame              Hex/Fire       ##......     16%         3    ###....


Dungeon Overview and Level Annotations

Branches:
Dungeon (2/15)

Altars:


Message History

You feel sick.
The frilled lizard bites you but does no damage.
You barely miss the frilled lizard. The frilled lizard bites you.
You miss the frilled lizard.
You feel sick.
The frilled lizard bites you but does no damage.
You hit the frilled lizard.
You kill the frilled lizard!
Casting: Flame Tongue (safe; 3% risk of failure)
Confirm with . or Enter, or press ? or * to list all spells.
Aiming: Flame Tongue (safe; 3% risk of failure)
Press: ? - help, Shift-Dir - straight line, f - dart slug
Aim: a dart slug The flame tongue hits the dart slug.
The dart slug is severely wounded.
You hit the dart slug.
The dart slug is almost dead.
You feel sick. The dart slug launches a dart at you. The slug dart hits you!
You die...

###### ######
.....####....# ##
........'....+ ..
####.####....#####.##..#
................@w)..(..
####.#############......
...........# #...#
.###.#####.# ...
#.......#.# .
#.#.....#.#
...####..#'### ##
###......# .#
...........#. ..


You could see a dart slug.

Vanquished Creatures
  A gnoll (D:1)
  2 adders (D:2)
  3 dart slugs
  A leopard gecko (D:1)
  A bat (D:1)
  A giant cockroach (D:2)
  5 goblins
  3 hobgoblins
  3 jackals (D:1)
  6 kobolds
  2 ball pythons
  5 frilled lizards
  4 rats (D:1)
37 creatures vanquished.

Notes
Turn   | Place    | Note
-------+----------+-------------------------------------------
     0 | D:1      | Hebeh the Deep Elf Fire Elementalist began the quest for the Orb.
     0 | D:1      | Reached XP level 1. HP: 10/10 MP: 6/6
   220 | D:1      | Reached XP level 2. HP: 15/15 MP: 6/8
   933 | D:1      | Reached XP level 3. HP: 12/19 MP: 2/10
  1282 | D:1      | Learned a level 2 spell: Throw Flame
  1286 | D:1      | Learned a level 3 spell: Conjure Flame
  1549 | D:2      | Reached XP level 4. HP: 13/24 MP: 1/12
  1555 | D:2      | Killed from afar by a dart slug

Vault maps used:
D:1:      kilobyte_arrival_exit_the_forest, roderic_serpentine_path,
          minmay_distorted

Skill      XL: |  1  2  3 |
---------------+----------+-----
Conjurations   | 2 |  2.5
Spellcasting   | 4 |  4.2
Fire Magic     | 4 |  4.1
Dodging        | |  2.4
Stealth        | |  2.4

Action                   |  1- 3 |  4- 6 || total
-------------------------+-------+-------++-------
Melee: Spear             |    27 |     5 ||    32
Throw: Stone             |    17 |       ||    17
 Cast: Flame Tongue      |    66 |     2 ||    68
       Throw Flame       |     4 |       ||     4
       Conjure Flame     |     1 |       ||     1
  Use: Scroll            |     2 |       ||     2
  Eat: Ration            |     1 |       ||     1
Armor: Robe              |     7 |     2 ||     9
Dodge: Dodged            |    42 |       ||    42

Table legend:
 A = Spawn XP
 B = Non-spawn XP
 C = Spawn XP percentage of total XP
 D = Spawn monster count
 E = Non-spawn monster count
 F = Spawn count percentage of total count
 G = Total turns spent on level
                    A         B        C        D         E        F      G
               +---------+---------+-------+---------+---------+-------+---------
         Total |       0 |     102 |   0.0 |       0 |      37 |   0.0 |  1555
               +---------+---------+-------+---------+---------+-------+---------
           D:1 |       0 |      55 |   0.0 |       0 |      25 |   0.0 |  1328
           D:2 |       0 |      47 |   0.0 |       0 |      12 |   0.0 |   227
               +---------+---------+-------+---------+---------+-------+---------
